 Dungeon Crawl Stone Soup version 0.23-a0-565-g3e74e4c (webtiles) character file.

72475 Mgcat the Brawler (level 15, -1/149 HPs)
             Began as a Troll Monk on Dec 13, 2018.
             Was the Champion of Nemelex Xobeh.
             Slain by Frances the 19-headed hydra (6 damage)
             ... on level 12 of the Dungeon.
             The game lasted 01:04:10 (20214 turns).

Mgcat the Brawler (Troll Monk)                     Turns: 20214, Time: 01:04:10

Health: -1/149     AC: 13    Str: 29    XL:     15   Next: 1%
Magic:  22/22      EV: 13    Int:  6    God:    Nemelex Xobeh [******]
Gold:   2666       SH: 10    Dex: 14    Spells: 13/14 levels left

rFire    . . .     SeeInvis .     - Unarmed
rCold    . . .     Gourm    +   N - +0 shield
rNeg     + . .     Faith    .   v - +0 swamp dragon scales
rPois    +         Spirit   .   (helmet restricted)
rElec    .         Reflect  .   m - +1 cloak
rCorr    .         Harm     .   (gloves unavailable)
MR       +....                  (boots unavailable)
Stlth    +.........             (no amulet)
HPRegen  0.74/turn              F - ring of positive energy (curse) {rN+}
MPRegen  0.18/turn              Z - +3 ring of strength

@: no status effects
A: large, unfitting armour, claws 3, fast metabolism 3, gourmand, regeneration
1, shaggy fur 1, tough skin 2
a: Triple Draw, Deal Four, Stack Five, Renounce Religion


You were on level 12 of the Dungeon.
You worshipped Nemelex Xobeh.
Nemelex Xobeh was exalted by your worship.
You were very full.

You visited 4 branches of the dungeon, and saw 23 of its levels.
You also visited: Ossuary.

You collected 2821 gold pieces.
You spent 155 gold pieces at shops.

Inventory:

Missiles
 B - 15 large rocks (quivered) {!d}
 C - a throwing net {=f, !d}
Armour
 m - a +1 cloak (worn)
   (You found it on level 2 of the Dungeon)
 v - +0 swamp dragon scales (worn)
   (You acquired it on level 1 of the Lair of Beasts)
 N - a +0 shield (worn)
   (You found it on level 3 of the Lair of Beasts)
Jewellery
 h - an uncursed ring of protection from cold {rC+, !d}
   (You took it off a gnoll on level 3 of the Dungeon)
 F - a cursed ring of positive energy (left claw) {rN+}
   (You found it on level 9 of the Dungeon)
 Y - an uncursed ring of resist corrosion
   (You found it on level 4 of the Lair of Beasts)
 Z - a +3 ring of strength (right claw)
   (You bought it in a shop on level 13 of the Dungeon)
Wands
 u - a wand of iceblast (42)
   (You took it off a hobgoblin on level 3 of the Dungeon)
 H - a wand of acid (7)
   (You found it on level 4 of the Lair of Beasts)
 M - a wand of clouds (8)
   (You found it on level 2 of the Lair of Beasts)
Scrolls
 f - 9 scrolls of remove curse
 k - 5 scrolls of amnesia
 n - 7 scrolls of silence
 r - 9 scrolls of identify
 x - 3 scrolls of blinking {!r}
 E - 2 scrolls of magic mapping {!r}
 G - 9 scrolls of teleportation
 I - 3 scrolls of torment {!r}
 J - a scroll of fear
 W - a scroll of summoning
Potions
 e - 2 potions of invisibility
 g - 2 potions of mutation {!q}
 i - 3 potions of berserk rage {!q}
 o - 8 potions of heal wounds
 p - 5 potions of flight
 q - 2 potions of might
 s - 2 potions of agility
 t - 4 potions of curing
 w - 2 potions of cancellation
 z - 8 potions of lignification {!q}
 L - a potion of resistance
 X - a potion of haste
Miscellaneous
 b - an ornate deck of destruction {drawn: 2}
   (Nemelex Xobeh gifted it to you on level 6 of the Lair of Beasts)
 c - a legendary deck of destruction {drawn: 7}
   (Nemelex Xobeh gifted it to you on level 13 of the Dungeon)
 d - an ornate deck of summoning {drawn: 5}
   (Nemelex Xobeh gifted it to you on level 4 of the Lair of Beasts)
 j - an ornate deck of destruction {drawn: 5}
   (Nemelex Xobeh gifted it to you on level 14 of the Dungeon)
 l - a legendary deck of summoning
   (Nemelex Xobeh gifted it to you on level 12 of the Dungeon)
 y - a fan of gales
   (You found it on level 1 of the Lair of Beasts)
 K - a plain deck of escape
   (Nemelex Xobeh gifted it to you on level 11 of the Dungeon)
 O - an ornate deck of escape {the Elixir, left: 4}
   (Nemelex Xobeh gifted it to you on level 4 of the Lair of Beasts)
 P - a plain deck of summoning
   (Nemelex Xobeh gifted it to you on level 2 of the Orcish Mines)
 R - an ornate deck of destruction
   (Nemelex Xobeh gifted it to you on level 13 of the Dungeon)
 T - an ornate deck of summoning {drawn: 4}
   (Nemelex Xobeh gifted it to you on level 3 of the Lair of Beasts)
 V - a plain deck of summoning
   (Nemelex Xobeh gifted it to you on level 5 of the Lair of Beasts)
Comestibles
 A - 38 rations


   Skills:
 - Level 10.0 Fighting
 - Level 5.0 Armour
 - Level 10.0 Dodging
 - Level 1.0 Stealth
 + Level 5.2 Shields
 + Level 15.0 Unarmed Combat
 + Level 11.8 Invocations


You had 13 spell levels left.
You knew the following spells:

 Your Spells              Type           Power        Failure   Level  Hunger
a - Confusing Touch       Hex            #.....       83%         1    ##.....

Your spell library contained the following spells:

 Spells                   Type           Power        Failure   Level  Hunger
 Beastly Appendage        Tmut           #.....       83%         1    ##.....
 Corona                   Hex            #......      83%         1    ##.....
 Flame Tongue             Conj/Fire      #....        83%         1    ##.....
 Freeze                   Ice            #...         83%         1    ##.....
 Magic Dart               Conj           #...         83%         1    ##.....
 Shock                    Conj/Air       #...         83%         1    ##.....
 Summon Small Mammal      Summ           #...         83%         1    ##.....
 Blink                    Tloc           N/A          93%         2    ###....
 Call Imp                 Summ           #.......     93%         2    ###....
 Ensorcelled Hibernation  Hex/Ice        #.....       93%         2    ###....
 Slow                     Hex            #.......     93%         2    ###....
 Sticks to Snakes         Tmut           #.......     93%         2    ###....
 Swiftness                Chrm/Air       #.......     93%         2    ###....
 Throw Flame              Conj/Fire      #.....       93%         2    ###....
 Throw Frost              Conj/Ice       #.....       93%         2    ###....
 Call Canine Familiar     Summ           #.......     99%         3    ####...
 Confuse                  Hex            #.......     99%         3    ####...
 Conjure Flame            Conj/Fire      #.......     99%         3    ####...
 Dazzling Spray           Conj/Hex       #.....       99%         3    ####...
 Gell's Gravitas          Tloc           #.........   99%         3    ####...
 Inner Flame              Hex/Fire       #.......     99%         3    ####...
 Mephitic Cloud           Conj/Pois/Air  #.......     99%         3    ####...
 Ozocubu's Armour         Chrm/Ice       #.......     99%         3    ####...
 Spider Form              Tmut/Pois      #.........   99%         3    ####...
 Static Discharge         Conj/Air       #.......     99%         3    ####...
 Summon Guardian Golem    Hex/Summ       #.......     99%         3    ####...
 Tukima's Dance           Hex            #.......     99%         3    ####...
 Airstrike                Air            #.........   100%        4    #####..
 Ice Form                 Ice/Tmut       #.......     100%        4    #####..
 Petrify                  Tmut/Erth      #.......     100%        4    #####..
 Sticky Flame             Conj/Fire      #.......     100%        4    #####..
 Summon Ice Beast         Ice/Summ       #.......     100%        4    #####..
 Summon Lightning Spire   Summ/Air       #.......     100%        4    #####..
 Throw Icicle             Conj/Ice       #.......     100%        4    #####..
 Blade Hands              Tmut           #.........   100%        5    ######.
 Fireball                 Conj/Fire      #.........   100%        5    ######.
 Lightning Bolt           Conj/Air       #.........   100%        5    ######.
 Metabolic Englaciation   Hex/Ice        #.........   100%        5    ######.
 Yara's Violent Unravell  Hex/Tmut       #.........   100%        5    ######.


Dungeon Overview and Level Annotations

Branches:
Dungeon (14/15)            Temple (1/1) D:7            Lair (6/6) D:11
 Shoals (0/4) Lair:4        Snake (0/4) Lair:4        Slime (0/5) Lair:5
    Orc (2/2) D:11            Elf (0/3) Orc:2
 Vaults: D:13-14

Altars:
Ashenzari
Cheibriados
Dithmenos
Elyvilon
Fedhas
Gozag
Hepliaklqana
Makhleb
Nemelex Xobeh
Okawaru
Sif Muna
Trog
Uskayaw
Wu Jian
Yredelemnul
Zin
The Shining One
Beogh

Shops:
D:10 (   D:13 *:(}   D:14 :   Orc:2 !%:[

Annotations:
D:12 Frances
D:13 exclusion: upstairs


Innate Abilities, Weirdness & Mutations

You are too large for most types of armour.
You have claws for hands.
Your metabolism is lightning-fast.
You like to eat raw meat.
Your natural rate of healing is unusually fast.
You are covered in fur. (AC +1)
You have very tough skin. (AC +2)


Message History

Frances bites you but does no damage. You block Frances's attack.
You rip one of Frances's heads off!
Frances grows two more!
You mangle Frances!!
Frances is heavily wounded.
Frances completely misses you. You block Frances's attack.
Frances bites you but does no damage. x3; You block Frances's attack. x2
Frances closely misses you. Frances misses you. Frances barely misses you.
Frances bites you.
You claw one of Frances's heads off!
Frances grows two more!
You mangle Frances!!
Frances is severely wounded.
You block Frances's attack. Frances bites you but does no damage.
Frances closely misses you. x2; Frances bites you.
Frances bites you but does no damage. x2; You block Frances's attack.
Frances bites you but does no damage. Frances barely misses you.
Frances bites you. x2
You scratch Frances but do no damage.
Frances is severely wounded.
You tear one of Frances's heads off!
Frances grows two more!
You claw Frances!
Frances is severely wounded.
Frances bites you. x2; Frances misses you.
You block Frances's attack. Frances bites you. Frances misses you.
Frances bites you but does no damage. Frances bites you.
Frances bites you but does no damage. You block Frances's attack.
Frances closely misses you. Frances bites you. You block Frances's attack.
You rip one of Frances's heads off!
Frances grows two more!
You claw Frances!
Frances is severely wounded.
Frances bites you but does no damage. You block Frances's attack.
Frances bites you but does no damage. Frances misses you. Frances bites you.
Frances closely misses you. Frances bites you! You block Frances's attack.
Frances bites you but does no damage. Frances barely misses you.
Frances closely misses you. x2; Frances completely misses you.
Frances bites you but does no damage.
You claw one of Frances's heads off!
Frances grows two more!
You claw Frances!
Frances is severely wounded.
Frances bites you but does no damage. You block Frances's attack.
Frances bites you but does no damage. You block Frances's attack.
Frances bites you but does no damage. Frances closely misses you.
Frances barely misses you. Frances bites you! You block Frances's attack.
Frances barely misses you. Frances bites you.
Frances bites you but does no damage. Frances bites you. Frances misses you.
Frances barely misses you.
You rip one of Frances's heads off!
Frances grows two more!
You mangle Frances!!
Frances is almost dead.
You rip one of Frances's heads off!
Frances grows two more!
You claw Frances!
Frances is almost dead.
You block Frances's attack. x2; Frances bites you but does no damage.
Frances completely misses you. Frances barely misses you. Frances bites you.
Frances bites you but does no damage. x3; Frances barely misses you.
Frances bites you but does no damage. x2; Frances barely misses you.
Frances bites you but does no damage. Frances barely misses you.
Frances completely misses you. Frances bites you!
You claw one of Frances's heads off!
Frances grows two more!
You claw Frances!
Frances is almost dead.
Frances bites you! Frances barely misses you.
Frances bites you but does no damage. x2; You block Frances's attack.
Frances bites you but does no damage. Frances bites you. x2
Frances closely misses you. Frances bites you but does no damage.
Frances bites you.
* * * LOW HITPOINT WARNING * * *
Frances closely misses you. Frances bites you!
* * * LOW HITPOINT WARNING * * *
You block Frances's attack.
Frances bites you but does no damage. x2
You block Frances's attack. Frances misses you.
You claw one of Frances's heads off!
Frances grows two more!
You scratch Frances.
Frances is severely wounded.
Frances bites you but does no damage. You block Frances's attack.
Frances barely misses you. Frances bites you.
* * * LOW HITPOINT WARNING * * *
You block Frances's attack. Frances closely misses you.
Frances bites you but does no damage. Frances bites you!
* * * LOW HITPOINT WARNING * * *
You block Frances's attack. x2; Frances bites you but does no damage.
Frances barely misses you. Frances closely misses you. x2
Frances barely misses you. Frances misses you.
Frances bites you but does no damage. Frances closely misses you.
Frances bites you but does no damage.
Unknown command.
Unknown command.
Evoke which item? (* to show all) (? for menu, Esc to quit)
You draw a card...
It is Wild Magic.
A huge vortex of air appears!
There is a sudden and violent explosion of flames!
The fireball engulfs the bullfrog.
The bullfrog dies!
You feel a surge of magic. Frances bites you but does no damage.
Frances bites you!
* * * LOW HITPOINT WARNING * * *
Frances bites you.
* * * LOW HITPOINT WARNING * * *
Frances closely misses you. You block Frances's attack. Frances bites you!
* * * LOW HITPOINT WARNING * * *
You block Frances's attack. Frances bites you but does no damage.
You block Frances's attack. x2; Frances barely misses you.
Frances closely misses you. Frances barely misses you. Frances bites you.
* * * LOW HITPOINT WARNING * * *
Frances bites you.
You die...
Your body glows with a rainbow of weird colours and disappears.

####..###..##.##########.########
####..........# #.........
.....####..#### ##########
####.......# #######.# #.# #.#
#### #.#########.### #... ###
#>#....@D)v.... #... ..#
##.#.#######.##. #... #.# #....#
##.# # #.....# ### #.# ##....#
#.. #.# #..... #.# ##.# .....#.
#.# #... ##..###.# #.# #... #..#
# # #.# #...


You could see Frances the 19-headed hydra and a friendly twister.

Vanquished Creatures
  A dire elephant (Lair:5)
  Erolcha (Orc:1)
  2 ogre magi (Orc:2)
  5 hydras
  2 vault guards (D:14)
  Harold (Orc:1)
  A catoblepas (Lair:6)
  A centaur warrior (D:13)
  6 two-headed ogres
  10 death yaks
  A deep troll shaman (Lair:6)
  An unseen horror (D:11)
  An orc knight (Orc:1)
  2 manticores
  A cyclops (Orc:1)
  An ugly thing (D:12)
  A guardian serpent (Lair:6)
  Maurice (Orc:1)
  22 elephants
  A merfolk siren (Lair:4)
  4 centaur zombies
  2 black mambas (Lair:6)
  Psyche (D:12)
  A gargoyle (D:11)
  6 spiny frogs
  4 komodo dragons
  A centaur skeleton (D:14)
  4 kobold demonologists (D:12)
  4 rime drakes
  A hornet (D:8)
  A meliai (D:13)
  4 polar bears
  A blink frog (Lair:5)
  A troll (D:12)
  3 slime creatures
  Grinder (D:6)
  2 raiju
  10 hippogriffs
  A spriggan (Lair:5)
  A vampire (D:13)
  14 yaks
  4 fire elementals (D:12)
  2 wyverns
  3 hungry ghosts
  A vampire mosquito (D:13)
  A basilisk (Lair:6)
  4 wargs (Orc:2)
  12 water moccasins
  A hell hound (D:12)
  9 porcupines
  2 phantoms
  2 black bears
  An eye of draining (D:9)
  13 orc warriors
  5 ice beasts
  5 sky beasts
  19 ogres
  15 wolves
  4 centaurs
  9 crocodiles
  16 bullfrogs
  An elf zombie (D:6)
  2 big kobolds
  2 wyvern zombies (D:12)
  A gnoll sergeant (D:6)
  An elf skeleton (D:6)
  3 scorpions
  21 killer bees
  A howler monkey (D:8)
  9 crimson imps
  3 bullfrog zombies
  5 hounds
  8 jellies
  16 orc priests
  2 bullfrog skeletons
  3 human zombies (D:6)
  A gnoll shaman (Orc:1)
  Jessica (D:3)
  7 iguanas
  11 orc wizards
  8 worker ants
  A big kobold zombie (Ossuary)
  8 mummies (Ossuary)
  3 worker ant zombies
  Robin (D:2)
  12 gnolls
  A howler monkey skeleton (D:6)
  10 adders
  5 shadow imps
  6 oozes
  2 adder skeletons
  An adder zombie (D:5)
  3 worms
  2 dart slugs (D:1)
  6 leopard geckos
  47 orcs
  9 bats
  6 giant cockroaches
  3 gnoll zombies (Ossuary)
  18 goblins
  13 hobgoblins
  13 jackals
  5 quokkas
  A ball python (Orc:1)
  3 frilled lizards
  2 hobgoblin zombies (Ossuary)
  14 kobolds
  2 kobold zombies (Ossuary)
  An orc skeleton (D:6)
  5 rats
566 creatures vanquished.

Vanquished Creatures (collateral kills)
  Azrael (D:12)
  Snorg (Lair:4)
  2 hydras
  5 two-headed ogres (Orc:2)
  10 death yaks
  An ogre mage (Orc:2)
  A lindwurm (Lair:6)
  An orc knight (Orc:1)
  2 cyclopes
  4 elephants
  A black mamba (Lair:5)
  A troll (Orc:1)
  Prince Ribbit (D:8)
  3 blink frogs (Lair:5)
  A hippogriff (D:11)
  2 vampire mosquitoes (D:13)
  A naga (D:9)
  3 orc warriors (Orc:1)
  8 ogres
  A black bear (D:9)
  A phantom (D:9)
  2 wolves (Lair:2)
  A centaur (D:9)
  3 killer bees (D:13)
  An orc wizard (Orc:1)
  A jelly (D:13)
  3 orc priests
  A worker ant (D:9)
  A gnoll (D:13)
  7 orcs
71 creatures vanquished.

Vanquished Creatures (others)
  An ogre mage (Orc:2)
  A two-headed ogre (Orc:2)
  A kobold demonologist (D:12)
  7 ogres (Orc:2)
  A big kobold (D:12)
  A bullfrog (D:12)
  An orc priest (D:8)
  An orc wizard (D:10)
  An adder (D:12)
  A shadow imp (D:8)
  A ball lightning (D:12)
  5 orcs
  A kobold (D:12)
  39 fungi
  14 plants
76 creatures vanquished.

Grand Total: 713 creatures vanquished

Notes
Turn   | Place    | Note
-------+----------+-------------------------------------------
     0 | D:1      | Mgcat the Troll Monk began the quest for the Orb.
     0 | D:1      | Reached XP level 1. HP: 22/22 MP: 0/0
    99 | D:1      | Reached XP level 2. HP: 29/29 MP: 1/1
   320 | D:1      | Reached XP level 3. HP: 34/36 MP: 2/2
   648 | D:2      | Found a glowing golden altar of the Shining One.
   757 | D:2      | Learned a level 1 spell: Confusing Touch
   765 | D:2      | Found a burning altar of Makhleb.
   790 | D:2      | Found an iron altar of Okawaru.
   795 | D:2      | Reached skill level 3 in Fighting
   799 | D:2      | Noticed Robin
   803 | D:2      | Reached skill level 3 in Dodging
   820 | D:2      | HP: 5/37 [goblin/+0 club[Robin] (9)]
   830 | D:2      | HP: 13/55 [goblin/+0 club[Robin] (3)]
   905 | D:2      | Killed Robin
   905 | D:2      | Reached XP level 4. HP: 33/45 MP: 3/3
  1264 | D:3      | Reached skill level 4 in Unarmed Combat
  1267 | D:3      | HP: 11/45 [poisoned by a scorpion]
  1272 | D:3      | HP: 7/45 [poisoned by a scorpion]
  1277 | D:3      | HP: 5/45 [poisoned by a scorpion]
  1282 | D:3      | HP: 3/45 [poisoned by a scorpion]
  1288 | D:3      | HP: 4/45 [poisoned by a scorpion]
  1294 | D:3      | HP: 5/45 [poisoned by a scorpion]
  1302 | D:3      | HP: 7/45 [poisoned by a scorpion]
  1436 | D:3      | Found a hide-covered altar of Uskayaw.
  1533 | D:3      | Noticed Jessica
  1544 | D:3      | Killed Jessica
  1544 | D:3      | Reached XP level 5. HP: 52/53 MP: 4/4
  2188 | D:3      | Found a blossoming altar of Fedhas.
  2232 | D:4      | Noticed an ogre
  2241 | D:4      | Killed an ogre
  2241 | D:4      | Reached XP level 6. HP: 50/62 MP: 5/5
  2527 | D:4      | Found a shadowy altar of Dithmenos.
  3035 | D:4      | Reached skill level 4 in Fighting
  3035 | D:4      | Reached skill level 4 in Dodging
  3082 | D:4      | Reached skill level 5 in Unarmed Combat
  3312 | D:5      | Entered Level 5 of the Dungeon
  3359 | D:5      | Reached XP level 7. HP: 69/71 MP: 6/6
  3501 | D:6      | Found a sand-covered staircase.
  3541 | D:6      | Reached skill level 5 in Fighting
  3541 | D:6      | Reached skill level 5 in Dodging
  3541 | D:6      | Reached skill level 6 in Unarmed Combat
  3551 | Ossuary  | Entered an ossuary
  3600 | Ossuary  | Reached XP level 8. HP: 70/80 MP: 7/7
  4028 | D:6      | Reached skill level 7 in Unarmed Combat
  4038 | D:6      | Found a shattered altar of Ashenzari.
  4428 | D:6      | Noticed Grinder
  4428 | D:6      | Paralysed by Grinder for 7 turns
  4439 | D:6      | Killed Grinder
  4439 | D:6      | Reached skill level 8 in Unarmed Combat
  4587 | D:7      | Reached skill level 9 in Unarmed Combat
  4623 | D:7      | Found an ornate altar of the Wu Jian Council.
  4641 | D:7      | Found a staircase to the Ecumenical Temple.
  4671 | Temple   | Entered the Ecumenical Temple
  4706 | Temple   | Became a worshipper of Nemelex Xobeh the Trickster
  4706 | Temple   | Received a gift from Nemelex Xobeh
  4706 | Temple   | Received a gift from Nemelex Xobeh
  4706 | Temple   | Reached * piety under Nemelex Xobeh
  4706 | Temple   | Received a gift from Nemelex Xobeh
  4706 | Temple   | Reached ** piety under Nemelex Xobeh
  4997 | D:5      | Reached skill level 1 in Invocations
  5331 | D:5      | Reached XP level 9. HP: 85/88 MP: 9/9
  5376 | D:5      | Reached skill level 2 in Invocations
  5595 | D:7      | Found a shattered altar of Ashenzari.
  5867 | D:8      | Noticed a two-headed ogre
  6013 | D:7      | Killed a two-headed ogre
  6013 | D:7      | Reached skill level 10 in Unarmed Combat
  6013 | D:7      | Reached skill level 3 in Invocations
  6038 | D:8      | Reached skill level 4 in Invocations
  6242 | D:8      | Noticed Prince Ribbit
  6251 | D:8      | Killed Prince Ribbit
  6251 | D:8      | Reached skill level 5 in Invocations
  6534 | D:8      | Found a glowing silver altar of Zin.
  6535 | D:8      | Received a gift from Nemelex Xobeh
  6607 | D:9      | Noticed a rime drake
  6607 | D:9      | a yak changed into a rime drake
  6612 | D:9      | Reached XP level 10. HP: 80/96 MP: 8/13
  6616 | D:9      | Paralysed by a hornet for 3 turns
  6618 | D:9      | HP: 24/96 [rime drake/flash freeze (14)]
  6620 | D:8      | HP: 10/96 [hornet (2)]
  6810 | D:8      | Reached skill level 11 in Unarmed Combat
  6953 | D:9      | Reached *** piety under Nemelex Xobeh
  6966 | D:9      | Reached skill level 6 in Invocations
  7131 | D:9      | Found a snail-covered altar of Cheibriados.
  7362 | D:9      | Reached skill level 7 in Invocations
  7470 | D:9      | Found a white marble altar of Elyvilon.
  7504 | D:9      | Found a deep blue altar of Sif Muna.
  7688 | D:10     | Entered Level 10 of the Dungeon
  7796 | D:10     | Found Faycoank's Antique Weapon Boutique.
  8197 | D:10     | Reached **** piety under Nemelex Xobeh
  8208 | D:10     | Received a gift from Nemelex Xobeh
  8483 | D:10     | Noticed a cyclops
  8491 | D:10     | Killed a cyclops
  8491 | D:10     | Reached skill level 12 in Unarmed Combat
  8653 | D:11     | Found a staircase to the Orcish Mines.
  8679 | D:11     | Reached skill level 1 in Armour
  8885 | D:11     | Reached XP level 11. HP: 102/104 MP: 15/15
  8945 | D:11     | Received a gift from Nemelex Xobeh
  8986 | D:11     | Killed an unseen horror
  8986 | D:11     | Reached skill level 8 in Invocations
  9000 | D:11     | Noticed a death yak
  9000 | D:11     | Noticed a death yak
  9020 | D:11     | Killed a death yak
  9020 | D:11     | Reached skill level 2 in Armour
  9023 | D:11     | Noticed a death yak
  9027 | D:11     | Killed a death yak
  9030 | D:11     | HP: 14/104 [death yak (22)]
  9037 | D:11     | HP: 15/104 [death yak (6)]
  9038 | D:11     | Killed a death yak
  9193 | D:11     | Noticed a death yak
  9198 | D:11     | Noticed a death yak
  9199 | D:11     | Noticed a death yak
  9201 | D:11     | Killed a death yak
  9208 | D:11     | Killed a death yak
  9210 | D:11     | Killed a death yak
  9217 | D:11     | Found a staircase to the Lair.
  9420 | D:11     | Reached skill level 6 in Fighting
  9420 | D:11     | Reached skill level 3 in Armour
  9420 | D:11     | Reached skill level 6 in Dodging
  9669 | Lair:1   | Entered Level 1 of the Lair of Beasts
  9716 | Lair:1   | Received a gift from Nemelex Xobeh
  9836 | Lair:1   | Noticed a six-headed hydra
  9846 | Lair:1   | Killed an eight-headed hydra
  9913 | Lair:1   | Noticed a four-headed hydra
  9918 | Lair:1   | Killed a four-headed hydra
 10068 | Lair:1   | Identified 2 scrolls of acquirement
 10204 | Lair:1   | Reached ***** piety under Nemelex Xobeh
 10286 | Lair:1   | Received a gift from Nemelex Xobeh
 10693 | Lair:2   | Noticed a four-headed hydra
 10694 | Lair:2   | Identified the -2 hand axe of Plague {flame, MR+}
 10703 | Lair:2   | Killed a four-headed hydra
 11017 | Lair:2   | Reached XP level 12. HP: 115/115 MP: 17/17
 11018 | Lair:2   | Reached skill level 4 in Armour
 11021 | Lair:2   | Reached skill level 9 in Invocations
 11156 | Lair:2   | Noticed an eight-headed hydra
 11169 | Lair:2   | Killed an 11-headed hydra
 11384 | Lair:2   | Received a gift from Nemelex Xobeh
 11592 | Lair:3   | Reached skill level 13 in Unarmed Combat
 11623 | Lair:3   | HP: 27/115 [wolf (9)]
 11626 | Lair:3   | You fall through a shaft for 2 floors!
 11626 | Lair:5   | Noticed a four-headed hydra
 11629 | Lair:6   | Entered Level 6 of the Lair of Beasts
 11755 | Lair:5   | Killed a nine-headed hydra
 11755 | Lair:5   | Reached skill level 7 in Fighting
 11771 | Lair:6   | HP: 28/118 [black mamba (10)]
 11773 | Lair:6   | Reached skill level 7 in Dodging
 12094 | Lair:5   | Reached skill level 5 in Armour
 12304 | Lair:5   | Noticed a dire elephant
 12321 | Lair:5   | Killed a dire elephant
 12501 | Lair:5   | Received a gift from Nemelex Xobeh
 12840 | Lair:5   | Found a staircase to the Slime Pits.
 13122 | Lair:4   | Received a gift from Nemelex Xobeh
 13128 | Lair:4   | Reached skill level 10 in Invocations
 13190 | Lair:4   | Noticed Snorg
 13200 | Lair:4   | Killed Snorg
 13200 | Lair:4   | Reached XP level 13. HP: 104/127 MP: 19/19
 13380 | Lair:4   | Found a staircase to the Snake Pit.
 13380 | Lair:4   | Received a gift from Nemelex Xobeh
 13385 | Lair:4   | Reached skill level 8 in Fighting
 13443 | Lair:4   | Reached skill level 8 in Dodging
 13563 | Lair:4   | Reached ****** piety under Nemelex Xobeh
 13574 | Lair:4   | Received a gift from Nemelex Xobeh
 13635 | Lair:4   | Found a staircase to the Shoals.
 14211 | Lair:3   | Received a gift from Nemelex Xobeh
 14391 | Lair:3   | Received a gift from Nemelex Xobeh
 14948 | Lair:6   | Reached skill level 14 in Unarmed Combat
 14950 | Lair:6   | Reached skill level 1 in Shields
 15179 | Lair:6   | Received a gift from Nemelex Xobeh
 15280 | Lair:6   | Noticed Nessos
 15292 | Lair:6   | Noticed Nessos
 15292 | Lair:6   | Nessos changed into Nessos the guardian serpent
 15297 | Lair:6   | Killed Nessos the guardian serpent
 15420 | Lair:6   | Reached skill level 2 in Shields
 15744 | Lair:6   | Reached skill level 9 in Fighting
 15750 | Lair:6   | Reached skill level 9 in Dodging
 15750 | Lair:6   | Reached skill level 3 in Shields
 15790 | Lair:6   | Reached XP level 14. HP: 125/140 MP: 21/21
 15793 | Lair:6   | Reached skill level 11 in Invocations
 16121 | Orc:1    | Entered Level 1 of the Orcish Mines
 16133 | Orc:1    | Noticed Maurice
 16143 | D:11     | HP: 30/140 [hornet[the player character] (13)]
 16149 | D:11     | HP: 31/140 [poisoned by a hornet]
 16155 | D:11     | HP: 34/140 [poisoned by a hornet]
 16324 | Orc:1    | Killed Maurice
 16332 | Orc:1    | Noticed Harold
 16414 | Orc:1    | Killed Harold
 16463 | Orc:1    | Received a gift from Nemelex Xobeh
 16671 | Orc:1    | Noticed Erolcha
 16681 | Orc:1    | Killed Erolcha
 16884 | Orc:1    | Identified the +5 demon trident of Starshine {elec, Int+2}
 16892 | Orc:1    | Identified the +0 long sword "Pyrio" {slice, rElec rF++
                  | Dex+10}
 16977 | Orc:1    | Found a bloodstained altar of Trog.
 17233 | Orc:2    | Entered Level 2 of the Orcish Mines
 17291 | Orc:2    | Received a gift from Nemelex Xobeh
 17335 | Orc:2    | Found Ralosh's Food Shop.
 17335 | Orc:2    | Found Soeleap's Antique Armour Shoppe.
 17336 | Orc:2    | Found Topicho's Distillery.
 17336 | Orc:2    | Found Ohaaguadgh's Book Shop.
 17352 | Orc:2    | Paralysed by an ogre mage for 4 turns
 17365 | Orc:2    | Reached skill level 4 in Shields
 17533 | Orc:2    | Found a roughly hewn altar of Beogh.
 17536 | Orc:2    | Found a staircase to the Elven Halls.
 18039 | D:12     | Noticed Psyche
 18039 | D:12     | Noticed Frances
 18057 | D:12     | Killed Psyche
 18132 | D:12     | You fall through a shaft for 2 floors!
 18173 | D:14     | Received a gift from Nemelex Xobeh
 18311 | D:14     | Found Juqibleg's Book Emporium.
 18503 | D:13     | Received a gift from Nemelex Xobeh
 18503 | D:13     | Found Ypuocoq's Gadget Shop.
 18615 | D:13     | Found Uguatheni's Book Shoppe.
 18837 | D:13     | Found Foboeb's Antique Weapon Boutique.
 19021 | D:13     | Received a gift from Nemelex Xobeh
 19155 | D:13     | Noticed Urug
 19165 | D:13     | Noticed Urug
 19165 | D:13     | Urug changed into Urug the komodo dragon
 19166 | D:13     | Killed Urug the komodo dragon
 19384 | D:13     | Found Satitu's Assorted Antiques.
 19392 | D:13     | Bought a jade ring for 155 gold pieces
 19627 | D:12     | Reached skill level 5 in Shields
 19843 | D:12     | Reached skill level 15 in Unarmed Combat
 19889 | D:12     | Noticed Azrael
 19895 | D:12     | Killed Azrael
 19895 | D:12     | Reached skill level 10 in Fighting
 19943 | D:12     | Reached XP level 15. HP: 107/149 MP: 22/22
 20005 | D:12     | Received a gift from Nemelex Xobeh
 20110 | D:12     | Reached skill level 10 in Dodging
 20199 | D:12     | Noticed Frances
 20199 | D:12     | Frances changed into Frances the seven-headed hydra
 20212 | D:12     | HP: 34/149 [Frances the 18-headed hydra (9)]
 20214 | D:12     | HP: 16/149 [Frances the 19-headed hydra (1)]
 20214 | D:12     | HP: 5/149 [Frances the 19-headed hydra (3)]
 20214 | D:12     | Slain by Frances the 19-headed hydra

Vault maps used:
D:1:      psy_arrival_fountain
D:2:      nicolae_tso_carved_into_rock, lemuel_crystal_altar, okawaru_trees_2,
          uniq_robin
D:3:      lemuel_doored_altar, fedhas_altar_fruit_tree, first_ration,
          kennysheep_jessica_study
D:4:      grunt_dithmenos_shadows
D:6:      lemuel_crystal_altar, nicolae_ossuary_entry_catacombs,
          lemuel_another_geyser, uniq_grinder
D:7:      nicolae_overflow_crystal_walls, minmay_temple_entry_overgrown,
          roderic_roman_lattice, minmay_crystal_room,
          cheibrodos_ashenzari_chains
D:8:      zin_treasury, uniq_prince_ribbit1
D:9:      cheibriados_altar_1, old_standard_altar, tgw_sif
D:10:     serial_shops, kennysheep_little_box
D:11:     dpeg_lair_monsters, orc_0_dummy
D:12:     grunt_ogre_cave, evilmike_minifort, uniq_psyche, uniq_frances,
          uniq_azrael
D:13:     special_room, serial_shops, shop_statue, shop_coins, shop, shop,
          uniq_urug
D:14:     lightli_vaults_fourway_checkpoint, serial_shops, shop_coins,
          nicolae_shop_crystal, shop, shop, nicolae_shop_waterfront,
          wad_floor_pattern_2, basic_altar
Temple:   jpeg_temple_alley_garden
Lair:2:   eino_small_chamber_without_monster
Lair:4:   minmay_shoals_entry_lonely_mermaid, dummy_snake_entry,
          grunt_megastairs_3, uniq_snorg
Lair:5:   mu_elephants_graveyard, nicolae_slime_entry_slimehenge
Lair:6:   grunt_lair_end_beastmaster, uniq_nessos
Orc:1:    trog_butcher_becter, uniq_harold, uniq_maurice, uniq_erolcha
Orc:2:    st_orc_ogre_mass, basic_altar, nooodl_orcs_dogs
Ossuary:  ossuary_tomb_3

Skill      XL: |  1  2  3  4  5  6  7  8  9 10 11 12 13 14 15 |
---------------+----------------------------------------------+-----
Fighting       | 3 4 5 6 7 9 10 | 10.0
Dodging        | 3 4 5 6 7 9 10 | 10.0
Unarmed Combat | 4 5 6 9 10 12 13 14 15 | 15.0
Invocations    | 1 5 7 8 10 11 | 11.8
Armour         | 1 3 5 |  5.0
Shields        | 3 5 |  5.2
Stealth        | |  1.0

Action                   |  1- 3 |  4- 6 |  7- 9 | 10-12 | 13-15 || total
-------------------------+-------+-------+-------+-------+-------++-------
Melee: Unarmed           |   113 |   151 |   276 |   527 |   796 ||  1863
       Punch             |       |     1 |    10 |    28 |    12 ||    51
Throw: Large rock        |       |     2 |     7 |    38 |    10 ||    57
Invok: Stack Five        |       |       |       |       |     1 ||     1
Evoke: Wand              |       |     2 |     2 |     4 |     2 ||    10
       Deck              |       |       |    12 |    35 |    55 ||   102
  Use: Potion            |     2 |     1 |     2 |     6 |     1 ||    12
       Scroll            |     1 |    13 |     5 |    14 |     4 ||    37
 Stab: Sleeping          |       |     2 |     6 |     3 |       ||    11
       Distracted        |       |       |       |     4 |       ||     4
       Petrified         |       |       |       |       |     3 ||     3
  Eat: Chunk             |    14 |    22 |    30 |    71 |    73 ||   210
Armor: Robe              |    42 |    36 |    63 |    59 |       ||   200
       Skin              |    10 |       |     2 |       |       ||    12
       Swamp dragon scal |       |       |       |   110 |   300 ||   410
Dodge: Dodged            |    52 |    85 |   108 |   294 |   414 ||   953
Block: Shield            |       |       |       |       |   351 ||   351

Table legend:
 A = Non-vault XP
 B = Vault XP
 C = Vault XP percentage of total XP
 D = Non-vault monster count
 E = Vault monster count
 F = Vault count percentage of total count
                 A         B        C        D         E       F
            +---------+---------+-------+---------+---------+-------
      Total |   54950 |   48586 |  46.9 |     465 |     194 |  29.4
            +---------+---------+-------+---------+---------+-------
        D:1 |      53 |       0 |   0.0 |      30 |       0 |   0.0
        D:2 |      19 |      39 |  67.2 |       5 |      13 |  72.2
        D:3 |     169 |      39 |  18.8 |      30 |       2 |   6.2
        D:4 |     396 |      11 |   2.7 |      15 |       1 |   6.2
        D:5 |     399 |       0 |   0.0 |      13 |       0 |   0.0
        D:6 |     751 |     572 |  43.2 |      17 |       7 |  29.2
        D:7 |    1313 |       0 |   0.0 |      15 |       0 |   0.0
        D:8 |    1545 |     213 |  12.1 |      17 |       1 |   5.6
        D:9 |    2505 |       0 |   0.0 |      34 |       0 |   0.0
       D:10 |    1121 |       0 |   0.0 |      19 |       0 |   0.0
       D:11 |    4530 |    3744 |  45.3 |      50 |       6 |  10.7
       D:12 |    5647 |    2720 |  32.5 |      29 |      13 |  31.0
       D:13 |    3172 |    1331 |  29.6 |      17 |      17 |  50.0
       D:14 |    1346 |    4412 |  76.6 |       8 |      15 |  65.2
     Lair:1 |    2320 |       0 |   0.0 |      10 |       0 |   0.0
     Lair:2 |    4161 |       0 |   0.0 |      19 |       0 |   0.0
     Lair:3 |    3616 |       0 |   0.0 |      21 |       0 |   0.0
     Lair:4 |    4226 |    4203 |  49.9 |      17 |       9 |  34.6
     Lair:5 |    2535 |    8001 |  75.9 |       9 |      23 |  71.9
     Lair:6 |   10720 |    8595 |  44.5 |      28 |      21 |  42.9
      Orc:1 |    3652 |    2735 |  42.8 |      45 |       7 |  13.5
      Orc:2 |     754 |   11792 |  94.0 |      17 |      43 |  71.7
    Ossuary |       0 |     179 | 100.0 |       0 |      16 | 100.0
            +---------+---------+-------+---------+---------+-------

Vault maps used:
D:1:      psy_arrival_fountain
D:2:      nicolae_tso_carved_into_rock, lemuel_crystal_altar, okawaru_trees_2,
          uniq_robin
D:3:      lemuel_doored_altar, fedhas_altar_fruit_tree, first_ration,
          kennysheep_jessica_study
D:4:      grunt_dithmenos_shadows
D:6:      lemuel_crystal_altar, nicolae_ossuary_entry_catacombs,
          lemuel_another_geyser, uniq_grinder
D:7:      nicolae_overflow_crystal_walls, minmay_temple_entry_overgrown,
          roderic_roman_lattice, minmay_crystal_room,
          cheibrodos_ashenzari_chains
D:8:      zin_treasury, uniq_prince_ribbit1
D:9:      cheibriados_altar_1, old_standard_altar, tgw_sif
D:10:     serial_shops, kennysheep_little_box
D:11:     dpeg_lair_monsters, orc_0_dummy
D:12:     grunt_ogre_cave, evilmike_minifort, uniq_psyche, uniq_frances,
          uniq_azrael
D:13:     special_room, serial_shops, shop_statue, shop_coins, shop, shop,
          uniq_urug
D:14:     lightli_vaults_fourway_checkpoint, serial_shops, shop_coins,
          nicolae_shop_crystal, shop, shop, nicolae_shop_waterfront,
          wad_floor_pattern_2, basic_altar
Temple:   jpeg_temple_alley_garden
Lair:2:   eino_small_chamber_without_monster
Lair:4:   minmay_shoals_entry_lonely_mermaid, dummy_snake_entry,
          grunt_megastairs_3, uniq_snorg
Lair:5:   mu_elephants_graveyard, nicolae_slime_entry_slimehenge
Lair:6:   grunt_lair_end_beastmaster, uniq_nessos
Orc:1:    trog_butcher_becter, uniq_harold, uniq_maurice, uniq_erolcha
Orc:2:    st_orc_ogre_mass, basic_altar, nooodl_orcs_dogs
Ossuary:  ossuary_tomb_3

Table legend:
 A = Turns spent in this place as a percentage of turns spent in the entire game.
 B = Non-inter-level travel turns spent in this place as a percentage of non-inter-level travel turns spent in the entire game.
 C = Inter-level travel turns spent in this place as a percentage of turns spent in this place.
 D = Turns resting spent in this place as a percentage of non-inter-level travel turns spent in this place.
 E = Turns spent auto-exploring this place as a percentage of non-inter-level travel turns spent in this place.
 F = Non-inter-level travel turns spent in this place divided by the number of levels of this place that you've seen.
                   A       B       C       D       E      F
               +-------+-------+-------+-------+-------+----------------------
         Total | 100.0 | 100.0 |   6.3 |   6.7 |  71.4 | 789.1
       Dungeon |  58.2 |  57.6 |   7.3 |   7.8 |  70.3 | 779.7
        Temple |   0.6 |   0.4 |  41.5 |   0.0 |  80.6 |  72.0
          Lair |  31.9 |  32.3 |   5.0 |   5.8 |  74.4 | 1019.3
  Orcish Mines |   7.9 |   8.2 |   2.7 |   0.1 |  73.3 | 773.0
       Ossuary |   1.4 |   1.5 |   0.0 |  22.1 |  36.7 | 289.0
               +-------+-------+-------+-------+-------+----------------------

Table legend:
 A = Kills in this place as a percentage of kills in entire the game.
 B = Kills by you in this place as a percentage of kills by you in the entire game.
 C = Kills by friends in this place as a percentage of kills by friends in the entire game.
 D = Other kills in this place as a percentage of other kills in the entire game.
 E = Experience gained in this place as a percentage of experience gained in the entire game.
 F = Experience gained in this place divided by the number of levels of this place that you have seen.
                   A       B       C       D       E      F
               +-------+-------+-------+-------+-------+----------------------
         Total | 100.0 | 100.0 | 100.0 | 100.0 | 100.0 | 4314.0
       Dungeon |  56.8 |  59.2 |  36.6 |  59.1 |  34.8 | 2574.8
          Lair |  23.8 |  24.2 |  28.2 |   0.0 |  46.7 | 8062.8
  Orcish Mines |  17.0 |  13.8 |  35.2 |  40.9 |  18.3 | 9466.5
       Ossuary |   2.4 |   2.8 |   0.0 |   0.0 |   0.2 | 179.0
               +-------+-------+-------+-------+-------+----------------------
